 Dungeon Crawl Stone Soup version 0.19-a0-1072-g3763c35 (webtiles) character file.

172 Jarlath the Chiller (level 5, -10/31 HPs)
             Began as a High Elf Ice Elementalist on Aug 5, 2016.
             Mangled by a gnoll
             ... wielding a cursed -2 halberd
              (14 damage)
             ... on level 3 of the Dungeon.
             The game lasted 00:03:59 (3372 turns).

Jarlath the Chiller (High Elf Ice Elementalist)     Turns: 3372, Time: 00:04:00

Health: -10/31     AC: 10    Str:  7    XL:     5   Next: 27%
Magic:  0/11       EV: 12    Int: 20    God:
Gold:   187        SH:  2    Dex: 15    Spells: 3 memorised, 3 levels left

rFire  + . .     SeeInvis .     n - +2 dagger (protect)
rCold  . . .     Gourm    .     m - +1 leather armour
rNeg   . . .     Faith    .     (no shield)
rPois  .         Spirit   .     (no helmet)
rElec  .         Dismiss  .     (no cloak)
rCorr  .         Reflect  +     d - +0 pair of gloves
SustAt .         Harm     .     (no boots)
MR     .....                    f - +2 amulet of reflection
Stlth  ++........               i - ring of flight
                                h - ring of protection from fire

@:
A: no striking features
a: Evoke Flight


You were on level 3 of the Dungeon.
You were not hungry.

You visited 1 branch of the dungeon, and saw 3 of its levels.
You also visited: Sewer.

You collected 187 gold pieces.

Inventory:

Hand Weapons
 n - a +2 dagger of protection (weapon)
Armour
 d - a +0 pair of gloves (worn)
 k - a +0 buckler
 m - a +1 leather armour (worn)
Jewellery
 f - a +2 amulet of reflection (around neck)
 h - a ring of protection from fire (left hand)
 i - a ring of flight (right hand)
Scrolls
 a - a scroll of immolation {unknown}
 e - a scroll of magic mapping
 l - a scroll of identify {unknown}
Potions
 j - a potion of resistance
Books
 b - a book of Frost

   Spells                             Type                      Level
   a - Freeze                         Ice                          1
   b - Throw Frost                    Conjuration/Ice              2
   c - Ozocubu's Armour               Charms/Ice                   3
   d - Throw Icicle                   Conjuration/Ice              4
   e - Summon Ice Beast               Ice/Summoning                4
 g - a book of Clouds

   Spells                             Type                      Level
   a - Mephitic Cloud                 Conjuration/Poison/Air       3
   b - Conjure Flame                  Conjuration/Fire             3
   c - Poisonous Cloud                Conjuration/Poison/Air       6
   d - Freezing Cloud                 Conjuration/Ice/Air          6
   e - Ring of Flames                 Charms/Fire                  7
Comestibles
 c - 2 bread rations
 o - a meat ration


   Skills:
 * Level 2.1 Armour
 - Level 2.1 Dodging
 - Level 2.1 Stealth
 + Level 3.8 Spellcasting
 - Level 1.1 Conjurations
 + Level 4.6 Ice Magic


You had 3 spell levels left.
You knew the following spells:

 Your Spells              Type           Power        Failure   Level  Hunger
a - Freeze                Ice            ###.         2%          1    None
b - Ozocubu's Armour      Chrm/Ice       ##......     24%         3    ###....
c - Throw Icicle          Conj/Ice       ###.....     69%         4    ####...


Dungeon Overview and Level Annotations

Branches:
Dungeon (3/15)

Altars:


Message History

You hit the gnoll but do no damage.
The gnoll is severely wounded.
Your icy armour evaporates.
The gnoll barely misses you.
The gnoll hits you from afar with a halberd.
You hit the gnoll but do no damage.
The gnoll is severely wounded.
The gnoll hits you with an enchanted halberd!
* * * LOW HITPOINT WARNING * * *
You are too injured to fight recklessly!
Casting: Freeze
Confirm with . or Enter, or press ? or * to list all spells.
Aiming: Freeze
Press: ? - help, Shift-Dir - straight line, f/p - gnoll
Aim: a gnoll, wielding an enchanted halberd (severely wounded)
You freeze the gnoll.
The gnoll is almost dead.
The gnoll barely misses you.
The gnoll hits you with an enchanted halberd!
You die...

#.# ### #.# #h#
##.## #.# #.#
##.#.###.# #g#
#........#
#.####.#.#####
#.##g......#####
#...h#####.....#
####gg.#...###.#
###@#.### #.#
#..)# #.#
##.######.######
#.....>.......###
########.####....
#.########
#......)..
##########


You could see 2 gnolls, a jackal and a hobgoblin.

Vanquished Creatures
  Jessica (D:3)
  A worker ant (D:3)
  2 adders (D:2)
  2 gnolls (D:3)
  3 worms
  2 dart slugs
  4 giant geckos
  An orc (D:3)
  4 bats
  3 giant cockroaches
  5 goblins
  4 hobgoblins
  10 jackals
  8 kobolds
  2 ball pythons (Sewer)
  6 giant newts
  13 rats
71 creatures vanquished.

Notes
Turn   | Place    | Note
-------+----------+-------------------------------------------
     0 | D:1      | Jarlath the High Elf Ice Elementalist began the quest for the Orb.
     0 | D:1      | Reached XP level 1. HP: 11/11 MP: 4/4
   815 | D:1      | Reached XP level 2. HP: 6/17 MP: 2/6
  1289 | D:1      | Reached XP level 3. HP: 17/21 MP: 3/8
  1327 | D:1      | Learned a level 3 spell: Ozocubu's Armour
  1550 | D:2      | Reached skill level 4 in Ice Magic
  1885 | D:2      | Reached XP level 4. HP: 22/27 MP: 6/10
  2010 | D:2      | Reached skill level 1 in Armour
  2260 | D:3      | Found a glowing drain.
  2272 | Sewer    | Entered a sewer
  2288 | Sewer    | Learned a level 4 spell: Throw Icicle
  2315 | Sewer    | Noticed Purgy
  2942 | D:3      | Noticed Jessica
  2950 | D:3      | Killed Jessica
  3310 | D:3      | Reached XP level 5. HP: 31/31 MP: 5/11
  3372 | D:3      | Mangled by a gnoll

Vault maps used:
D:1:      arrival_zaba_pyramid, serial_park_tiny_pond
D:3:      portal_sewer_entry_f, first_bread, grunt_ministairs_10, uniq_jessica
Sewer:    sewer_co_purgy_island

Skill      XL: |  1  2  3  4  5 |
---------------+----------------+-----
Spellcasting   | 3 |  3.8
Ice Magic      | 4 |  4.6
Armour         | 1 2 |  2.1
Dodging        | |  2.1
Stealth        | |  2.1
Conjurations   | |  1.1

Action                   |  1- 3 |  4- 6 || total
-------------------------+-------+-------++-------
Melee: Unarmed           |    22 |       ||    22
       Dagger            |     2 |    44 ||    46
 Cast: Freeze            |    59 |    51 ||   110
       Ozocubu's Armour  |     1 |     3 ||     4
  Use: Scroll            |       |     3 ||     3
       Potion            |       |     2 ||     2
 Stab: Sleeping          |       |     2 ||     2
  Eat: Chunk             |     1 |     2 ||     3
       Meat ration       |     1 |       ||     1
Armor: Robe              |    14 |       ||    14
       Leather armour    |       |    43 ||    43
Dodge: Dodged            |    41 |    79 ||   120
Block: Other             |     3 |     7 ||    10
       Reflection        |       |     1 ||     1
